 Dungeon Crawl Stone Soup version 0.32-a0-12-g7fc57aa741 (webtiles) character file.

Game seed: 7385359093525380177

99 gohu the Chopper (level 4, 0/40 HPs)
             Began as a Hill Orc Fighter on Jan 14, 2024.
             Constricted to death by a ball python (1 damage)
             ... on level 3 of the Dungeon.
             The game lasted 00:03:08 (1791 turns).

gohu the Chopper (Hill Orc Fighter)                 Turns: 1791, Time: 00:03:09

Health: 0/40       AC:  9    Str: 20    XL:     4   Next: 72%
Magic:  4/4        EV:  4    Int:  8    God:
Gold:   85         SH:  4    Dex: 10    Spells: 3/3 levels left

rFire   . . .        a - +0 war axe
rCold   . . .        c - +0 buckler
rNeg    . . .        i - +0 chain mail
rPois   .            (no helmet)
rElec   .            (no cloak)
rCorr   .            (no gloves)
SInv    .            (no boots)
Will    .....        (no amulet) Stlth
                     (no ring)
HPRegen 0.26/turn    (no ring)
MPRegen 0.09/turn

%: no passive effects
@: mighty, on fire, glowing, constricted
A: no striking features
a: no special abilities


You were on level 3 of the Dungeon.
You visited 1 branch of the dungeon, and saw 4 of its levels.

You collected 85 gold pieces.

Inventory:

Hand Weapons
 a - a +0 war axe (weapon)
Missiles
 j - a throwing net (quivered)
Armour
 b - a +0 scale mail
 c - a +0 buckler (worn)
 i - a +0 chain mail (worn)
Scrolls
 e - 2 scrolls of identify {unknown}
 f - a scroll of enchant armour {unknown}
 g - a scroll of noise {unknown}
 l - a scroll of poison {unknown}
 m - a scroll of butterflies {unknown}
 n - a scroll of amnesia {unknown}
 o - a scroll of teleportation {unknown}
Potions
 h - a potion of mutation {unknown}
 k - a potion of curing {unknown}


   Skills:
 + Level 4.2 Fighting
 * Level 4.8 Axes
 + Level 3.9 Armour
 + Level 3.7 Shields


You had 3 spell levels left.
You didn't know any spells.
Your spell library contained the following spells:

 Spells                   Type           Power      Damage    Failure   Level
 Kiss of Death            Conj/Necr      0%         2d5       99%         1
 Ensorcelled Hibernation  Hex/Ice        0%         N/A       99%         2
 Confusing Touch          Hex            0%         N/A       100%        3
 Passwall                 Erth           0%         N/A       100%        3
 Swiftness                Air            0%         N/A       100%        3
 Cause Fear               Hex            0%         N/A       100%        4
 Dispel Undead            Necr           0%         3d6       100%        4
 Fireball                 Conj/Fire      0%         3d3       100%        5
 Dragon's Call            Summ           0%         N/A       100%        9


Dungeon Overview and Level Annotations

Branches:
Dungeon (4/15)
 Temple: D:4-7

Altars:


Message History

The burning spray hits you.
You are even more covered in liquid fire!
The liquid fire burns you! The liquid fire burns you!
The bombardier beetle sprays incendiary fluid at you.
The burning spray hits you.
You are even more covered in liquid fire!
The ball python bites you but does no damage.
The ball python grabs you. The ball python constricts you.
You escape the ball python's grasp.
The liquid fire burns you!
The ribbon worm expels a string of sticky webbing.
The stream of webbing hits you but does no damage.
You are caught in a web!
You shake off some of the fire as you move.
You climb upwards.
The liquid fire burns you!
There is a stone staircase leading down here.
You closely miss the ball python. You barely miss the ribbon worm.
The liquid fire burns you!
The ball python bites you but does no damage.
The ball python barely misses you. The ribbon worm completely misses you.
The ball python bites you but does no damage.
You block the ball python's attack.
You closely miss the ball python. You hit the ribbon worm.
The liquid fire burns you!
* * * LOW HITPOINT WARNING * * *
The ball python bites you but does no damage.
You block the ball python's attack. The ribbon worm bites you.
* * * LOW HITPOINT WARNING * * *
The ball python bites you but does no damage.
The ball python grabs you. The ball python constricts you.
* * * LOW HITPOINT WARNING * * *
You feel very mighty all of a sudden. The liquid fire burns you!
* * * LOW HITPOINT WARNING * * *
The ribbon worm bites you.
* * * LOW HITPOINT WARNING * * *
You block the ball python's attack. The ball python constricts you.
You die...

#.. #.. ### ### #..
#.. ... #######..
#.#.... .(.......
#.#.#.# #######.# #..
#.# #..... #w###.#
#<.... #@S.#.##
####.....
####....###..'.....
#...........##.#.....
#.#########....#.....
..#...........##..
#.#.#########.# ..
#........ ..[... #<#
####.# #.# .


You could see a ribbon worm (catching breath) and a ball python.

Vanquished Creatures
  3 gnolls
  An adder (D:4)
  A dart slug (D:2)
  A ribbon worm (D:3)
  6 endoplasms
  2 giant cockroaches (D:2)
  6 goblins
  5 hobgoblins
  2 quokkas (D:1)
  4 ball pythons
  6 bats
  A frilled lizard (D:2)
  10 kobolds
  5 rats
53 creatures vanquished.

Notes
Turn   | Place    | Note
-------+----------+-------------------------------------------
     0 | D:1      | gohu the Hill Orc Fighter began the quest for the Orb.
     0 | D:1      | Reached XP level 1. HP: 19/19 MP: 1/1
    79 | D:1      | Reached XP level 2. HP: 27/27 MP: 2/2
   790 | D:2      | Reached XP level 3. HP: 28/33 MP: 3/3
   994 | D:2      | Reached XP level 4. HP: 39/40 MP: 4/4
   997 | D:2      | Found a faded altar of an unknown god.
  1791 | D:3      | HP: 2/40 [burnt (3)]
  1791 | D:3      | Constricted to death by a ball python

Illustrated notes

Levels and vault maps discovered:
D:1:      minmay_arrival_cross, layout_basic
D:2:      layout_loops_ring, dreamdust_ecumenical_altar_grove, minmay_tall_x
D:3:      layout_basic, mainiacjoe_overflow_chevrons, grunt_ministairs_13
D:4:      layout_loops_ring, nemelex_dance_club_becter, minivault_11,
          hangedman_decor_points, glass_columns_a

Skill      XL: |  1  2  3 |
---------------+----------+-----
Axes           | 3 4 |  4.8
Fighting       | 4 |  4.2
Armour         | |  3.9
Shields        | |  3.7

Action                     |  1- 3 |  4- 6 || total
---------------------------+-------+-------++-------
  Melee: War axe           |    75 |    62 ||   137
    Use: Potion            |       |     1 ||     1
 Armour: Scale mail        |    32 |       ||    32
         Chain mail        |    31 |    33 ||    64
  Dodge: Dodged            |    32 |    26 ||    58
  Block: Buckler           |    17 |    13 ||    30

Table legend: (Time is in decaauts)
 A = Elapsed time spent in this place.
 B = Non-inter-level travel time spent in this place.
 C = Inter-level travel time spent in this place.
 D = Time resting spent in this place.
 E = Time spent auto-exploring this place.
 F = Levels seen in this place.
 G = Mean time per level.
                   A        B        C        D        E       F      G
               +--------+--------+--------+--------+--------+-----+--------+
         Total |   1843 |   1746 |     97 |     78 |   1223 |   4 |  460.8 |
       Dungeon |   1843 |   1746 |     97 |     78 |   1223 |   4 |  460.8 |
               +--------+--------+--------+--------+--------+-----+--------+

Top non-repeatable levels by time:
     D:1: 866 daAuts
     D:2: 805 daAuts
     D:3: 155 daAuts
     D:4: 15 daAuts
